Map: Acolyte LE

Players

Cuervo - Winner!

  • Race: Zerg Zerg
  • Spawn Location: 7:00

rateropz

  • Race: Protoss Protoss
  • League: Silver
  • Spawn Location: 1:00

VOD

Have the link to the VOD?

Description

Time

  • Played on: Sept. 21, 2017, 4:22 p.m.
  • Length: 11:36
Show
View Real Time Build Order
Export as new Build Order

Cuervo Zerg - Winner!

Build Orders: Pool First 

Get SALT Encoding   

  12  0:01  Drone  
  13  0:08  Drone  
  14  0:16  Overlord  
  14  0:23  Extractor  
  14  0:24  Drone  
  15  0:36  Drone x2  
  17  0:46  Spawning Pool  
  16  0:50  Drone  
  17  1:10  Hatchery  
  16  1:13  Drone  
  16  1:17  Extractor  
  16  1:21  Drone x2  
  18  1:27  Drone  
  19  1:35  Queen  
  21  1:42  Zergling x2  
  22  1:55  Overlord  
  22  2:13  Queen  
  24  2:16  Drone x2  
  26  2:25  Queen, Drone x2  
  30  2:33  Overlord  
  30  2:41  Drone  
  30  2:42  Metabolic Boost  
  31  2:46  Roach Warren  
  30  2:58  Drone x4  
  32  3:02  Drone x2  
  36  3:06  Drone  
  37  3:16  Drone  
  37  3:18  Drone x2  
  40  3:25  Overlord, Drone x2  
  42  3:35  Drone  
  42  3:36  Drone  
  44  3:43  Overlord  
  44  3:49  Hatchery  
  44  3:50  Lair  
  44  3:52  Roach  
  44  3:55  Extractor  
  44  3:57  Extractor  
  43  4:03  Evolution Chamber  
  43  4:04  Evolution Chamber  
  41  4:16  Drone x3  
  41  4:17  Drone x5  
  49  4:29  Roach  
  49  4:30  Roach x4  
  59  4:33  Overlord  
  59  4:48  Zerg Ground Armor Level 1  
  59  4:52  Drone  
  60  4:55  Overlord x3  
  60  4:59  Zerg Missile Weapons Level 1  
  60  5:08  Queen  
  60  5:09  Drone  
  60  5:10  Drone x3  
  66  5:19  Drone x5  
  71  5:29  Drone  
  71  5:30  Drone x2  
  71  5:35  Drone  
  75  5:36  Drone  
  75  5:37  Overlord x4  
  76  5:42  Extractor  
  76  5:47  Hydralisk Den  
  74  5:53  Infestation Pit, Drone x5  
  78  6:03  Drone x8  
  78  6:04  Drone  
  87  6:05  Extractor  
  87  6:07  Extractor  
  85  6:12  Drone  
  85  6:13  Drone  
  87  6:18  Muscular Augments  
  87  6:20  Glial Reconstitution  
  87  6:41  Roach  
  87  6:42  Roach x7, Hydralisk x3  
  87  6:45  Hatchery, Overseer  
  108  7:05  Drone  
  108  7:06  Drone x6  
  115  7:15  Hydralisk x3  
  121  7:26  Overlord  
  121  7:27  Overlord x7  
  121  7:32  Extractor  
  121  7:35  Extractor  
  119  7:37  Zerg Missile Weapons Level 2  
  119  7:38  Zerg Ground Armor Level 2  
  119  7:43  Hydralisk  
  120  8:09  Queen  
  122  8:21  Drone x4  
  122  8:26  Hydralisk x2  
  122  8:27  Hydralisk x15  
  128  8:31  Lurker Den  
  160  8:34  Hive  
  160  8:49  Hydralisk  
  160  8:50  Hydralisk x7  
  160  8:51  Roach  
  160  8:52  Roach  
  160  8:54  Overlord  
  182  9:10  Roach x5  
  190  9:29  Roach  
  190  9:30  Roach x4  
  200  10:15  Burrow  
  200  10:49  Hatchery  
  157  11:04  Hydralisk  
  157  11:05  Hydralisk x18  
  157  11:06  Hydralisk x3  
  157  11:09  Hatchery  
  198  11:14  Zergling x4  
Show
View Real Time Build Order
Export as new Build Order

rateropz Protoss 

Build Orders:  

Get SALT Encoding   

  12  0:02  Probe (Chrono Boost)  
  13  0:13  Probe (Chrono Boost)  
  14  0:24  Pylon  
  14  0:27  Probe (Chrono Boost)  
  15  0:42  Probe (Chrono Boost)  
  16  0:46  Gateway  
  16  0:53  Probe (Chrono Boost)  
  16  0:54  Assimilator  
  17  1:08  Pylon  
  17  1:19  Probe (Chrono Boost)  
  17  1:24  Assimilator  
  18  1:29  Forge  
  18  1:30  Probe (Chrono Boost)  
  19  1:43  Cybernetics Core  
  19  1:56  Zealot (Chrono Boost)  
  21  2:13  Pylon  
  20  2:20  Zealot (Chrono Boost)  
  20  2:21  Photon Cannon  
  22  2:43  Pylon  
  22  2:52  Stargate  
  22  3:06  Stargate  
  22  3:15  Mothership Core (Chrono Boost)  
  22  3:17  Pylon  
  24  3:31  Zealot  
  26  3:45  Void Ray (Chrono Boost)  
  30  3:58  Stalker  
  30  4:32  Void Ray (Chrono Boost)  
  34  4:55  Nexus  
  34  5:21  Pylon  
  34  5:27  Void Ray (Chrono Boost)  
  42  5:58  Void Ray (Chrono Boost)  
  42  6:00  Protoss Air Weapons Level 1  
  42  6:05  Probe  
  43  6:17  Probe  
  44  6:30  Void Ray (Chrono Boost)  
  48  6:35  Probe  
  49  6:47  Probe  
  50  6:58  Void Ray (Chrono Boost)  
  54  7:06  Probe  
  55  7:18  Probe  
  55  7:21  Void Ray (Chrono Boost)  
  60  7:38  Void Ray (Chrono Boost)  
  62  8:02  Void Ray (Chrono Boost)  
  66  8:15  Void Ray (Chrono Boost), Assimilator  
  70  8:39  Void Ray (Chrono Boost)  
  74  8:49  Pylon  
  74  8:50  Pylon  
  74  8:54  Pylon  
  78  9:03  Void Ray (Chrono Boost)  
  78  9:26  Probe  
  78  9:27  Photon Cannon  
  79  9:38  Probe  
  80  9:45  Void Ray (Chrono Boost)  
  82  10:05  Void Ray (Chrono Boost)  
  86  10:22  Void Ray (Chrono Boost)  
  86  10:24  Probe  
  91  10:36  Probe  
  90  10:48  Probe  
Tags
 
League
Silver
Matchup
PvZ
Opening
Pool First
Spawn Locations
Cross Positions
Add a new tag
Caveats
  • Supply blocks, unpowered buildings, or Contaminate may cause inaccurate times.
  • Supply counts are checked every 10 seconds.